 Dungeon Crawl Stone Soup version 0.31.0-11-ge490571c62 (webtiles) character file.

Game seed: 7346917889320389831

1855 tilp the Cleaver (level 8, -2/112 HPs)
             Began as a Minotaur Berserker on Feb 4, 2024.
             Was a Priest of Trog.
             Slain by a vampire
             ... wielding a +0 hand axe
              (3 damage)
             ... on level 6 of the Dungeon.
             The game lasted 00:07:04 (5406 turns).

tilp the Cleaver (Minotaur Berserker)               Turns: 5406, Time: 00:07:05

Health: -2/112     AC: 12    Str: 25    XL:     8   Next: 89%
Magic:  7/7        EV: 12    Int:  4    God:    Trog [***...]
Gold:   264        SH:  2    Dex:  9    Spells: 7/7 levels left

rFire   + . .        a - +0 hand axe
rCold   . . .        (no shield)
rNeg    . . .        i - +0 chain mail
rPois   .            (helmet restricted)
rElec   .            m - +0 cloak
rCorr   .            (no gloves)
SInv    .            (no boots)
Will    .....        (no amulet) Stlth
                     e - ring of the Octopus King {rF+ HP+2 AC+2 EV+2 SH+2}
HPRegen 0.38/turn    (no ring)
MPRegen 0.10/turn

%: no passive effects
@: berserking, very quick
A: horns 2, retaliatory headbutt
a: Renounce Religion, Berserk, Trog's Hand


You were on level 6 of the Dungeon.
You worshipped Trog.
Trog was most pleased with you.
You visited 1 branch of the dungeon, and saw 6 of its levels.

You collected 264 gold pieces.

Inventory:

Hand Weapons
 a - a +0 hand axe (weapon)
Missiles
 l - 6 boomerangs (quivered)
 o - 4 poisoned darts
Armour
 i - a +0 chain mail (worn)
 m - a +0 cloak (worn)
Jewellery
 e - a ring of the Octopus King (left hand) {rF+ HP+2 AC+2 EV+2 SH+2}
   (You found it on level 5 of the Dungeon)

   [ring of protection from fire]

   AC+2:      It affects your AC (+2).
   EV+2:      It affects your evasion (+2).
   rF+:       It protects you from fire.
   HP+2:      It affects your health (+2).
   SH+2:      It affects your SH (+2).
Wands
 f - a wand of charming (4)
Scrolls
 c - 2 scrolls of fear
 g - a scroll of teleportation
 h - 7 scrolls of identify
Potions
 b - a potion of haste
 d - a potion of cancellation
 j - 3 potions of curing
 k - 2 potions of berserk rage {unknown}


   Skills:
 + Level 7.3 Fighting
 * Level 9.9 Axes
 - Level 4.0 Armour
 - Level 6.0 Dodging
 - Level 2.0 Stealth
 - Level 2.0 Evocations


You had 7 spell levels left.
You didn't know any spells.
Your spell library was empty.

Dungeon Overview and Level Annotations

Branches:
Dungeon (6/15)             Temple (0/1) D:4

Altars:

Shops:
D:5 :


Innate Abilities, Weirdness & Mutations

You have a pair of horns on your head.
You reflexively headbutt those who attack you in melee.


Message History

You hit the shadow imp.
You kill the shadow imp!
Trog accepts your kill.
Unknown command.
Deactivating autopickup; reactivate with Ctrl-A.
You closely miss something. Something hits you. Something bites you!
Something draws strength from your injuries!
You miss something.
Unknown command.
A red film seems to cover your vision as you go berserk!
You feel yourself moving faster!
You feel mighty! Something hits you. Something bites you but does no damage.
Unknown command.
You barely miss something. Your headbutt misses something. Something hits you!
Something bites you.
Something draws strength from your injuries!
You barely miss something. You miss something. Something hits you!
Something bites you.
Something draws strength from your injuries!
You miss something. You block something's attack. Something bites you.
* * * LOW HITPOINT WARNING * * *
Something draws strength from your injuries!
You hit something but do no damage. Your headbutt misses something.
You punch something. You miss something. Your headbutt misses something.
Something hits you but does no damage. Something bites you!
* * * LOW HITPOINT WARNING * * *
Something draws strength from your injuries!
You hit something. Your headbutt misses something. You barely miss something.
Something hits you!
* * * LOW HITPOINT WARNING * * *
Something bites you but does no damage.
You slash something! Your headbutt misses something.
You closely miss something. Something draws life force from you!!
* * * LOW HITPOINT WARNING * * *
You closely miss something. You miss something. Something hits you.
* * * LOW HITPOINT WARNING * * *
Something bites you.
You die...

#####......##.##.........,,......
..........###.#........###*##*#..
...†####### #.............,,..#..
##### #...###.....##**#.#.. #
#...)........#**#.#..
*******#....#.........*#....
******,,,,,,#....#.###.....##....
,,,,,*,****,#....#..............#
,***,*,****,#...@{..#............
,*,*,*,*,,,,#...###$#.###........
,,,,,*,*,***#....,,.#...........#
,*****,*,***#...,*,..,,#.........
,,,,,,,,,**.....,*,###,#.###...$.
,****,,,**#.#...,*,,,,,#.O).S..##
,***,,,,,$...#..,,,,#..[.)#{...#
,,,,,,,,*##..#..***,#(###.#....#
*****,,,* *,,*,,,,,,*,,,..#....#*


There were no monsters in sight!

Vanquished Creatures
  Sigmund (D:5)
  Menkaure (D:4)
  A water moccasin (D:6)
  A sky beast (D:6)
  2 ogres
  2 centaurs
  A phantom (D:5)
  A kobold brigand (D:6)
  Blork the orc (D:4)
  4 scorpions
  2 howler monkeys
  5 hounds
  2 bombardier beetles
  A jelly (D:5)
  Natasha (thrice) (D:2)
  An orc wizard (D:4)
  3 gnolls (D:4)
  3 adders
  A shadow imp (D:6)
  A white imp (D:6)
  A ribbon worm (D:4)
  2 dart slugs (D:1)
  5 orcs
  7 endoplasms
  5 giant cockroaches
  9 goblins
  9 hobgoblins
  11 jackals
  9 kobolds
  5 quokkas
  7 ball pythons
  4 bats
  2 frilled lizards
  5 rats
118 creatures vanquished.

Notes
Turn   | Place    | Note
-------+----------+-------------------------------------------
     0 | D:1      | tilp the Minotaur Berserker began the quest for the Orb.
     0 | D:1      | Reached XP level 1. HP: 19/19 MP: 0/0
    48 | D:1      | Reached XP level 2. HP: 21/27 MP: 1/1
    51 | D:1      | Reached skill level 4 in Axes
   353 | D:1      | Reached XP level 3. HP: 33/33 MP: 2/2
   388 | D:1      | Reached ** piety under Trog
  1069 | D:2      | Noticed Natasha
  1073 | D:2      | Killed Natasha
  1074 | D:2      | Reached skill level 1 in Stealth
  1097 | D:2      | Noticed Natasha
  1103 | D:2      | Killed Natasha
  1104 | D:2      | Reached XP level 4. HP: 36/40 MP: 3/3
  1444 | D:2      | Noticed Natasha
  1448 | D:2      | Killed Natasha
  1449 | D:2      | Reached skill level 5 in Axes
  1449 | D:2      | Reached XP level 5. HP: 42/46 MP: 4/4
  2924 | D:4      | Noticed Blork the orc
  2935 | D:4      | Killed Blork the orc
  3012 | D:4      | Noticed Menkaure
  3022 | D:4      | HP: 1/70 [Menkaure (4)]
  3024 | D:4      | Killed Menkaure
  3024 | D:4      | Reached *** piety under Trog
  3025 | D:4      | Reached skill level 1 in Evocations
  3025 | D:4      | Reached XP level 6. HP: 1/53 MP: 5/5
  3388 | D:4      | Found a staircase to the Ecumenical Temple.
  3529 | D:4      | Reached skill level 6 in Axes
  3741 | D:4      | Reached skill level 5 in Fighting
  4296 | D:5      | Entered Level 5 of the Dungeon
  4305 | D:5      | Reached XP level 7. HP: 56/61 MP: 6/6
  4426 | D:5      | Found the ring of the Octopus King
  4479 | D:5      | Reached skill level 7 in Axes
  4479 | D:5      | Identified a ring of the Octopus King {rF+ HP+2 AC+2 EV+2
                  | SH+2}
  4602 | D:5      | Noticed Sigmund
  4618 | D:5      | Killed Sigmund
  4619 | D:5      | Reached XP level 8. HP: 70/70 MP: 7/7
  4815 | D:5      | Reached skill level 8 in Axes
  4815 | D:5      | Reached skill level 5 in Dodging
  4897 | D:5      | Found Ohau's Book Emporium.
  5090 | D:6      | Reached skill level 9 in Axes
  5404 | D:6      | HP: 3/112 [something (18)]
  5406 | D:6      | HP: 1/112 [something (3)]
  5406 | D:6      | Slain by a vampire

Illustrated notes

Levels and vault maps discovered:
D:1:      scummos_arrival_simple_fountains, layout_loops_corners,
          minmay_nonomino_d4
D:2:      layout_basic, uniq_natasha
D:3:      layout_basic, minivault_5, kennysheep_pointless_box
D:4:      layout_basic, minmay_temple_entry_fiery, serial_rivers,
          chequers_serial_rivers_small_a, chequers_serial_rivers_marsh,
          chequers_serial_rivers_large_a, chequers_serial_rivers_micro_b,
          chequers_serial_rivers_room_a, chequers_serial_rivers_micro_c,
          uniq_menkaure, uniq_blork_the_orc
D:5:      layout_rooms, serial_shops, nicolae_shop_trees, uniq_sigmund
D:6:      hangedman_cross_stitches, layout_basic

Skill      XL: |  1  2  3  4  5  6  7  8 |
---------------+-------------------------+-----
Axes           | 4 5 6 7 9 |  9.9
Fighting       | 4 5 6 7 |  7.3
Armour         | 3 4 |  4.0
Stealth        | 1 2 |  2.0
Dodging        | 3 4 6 |  6.0
Evocations     | 1 2 |  2.0

Action                     |  1- 3 |  4- 6 |  7- 9 || total
---------------------------+-------+-------+-------++-------
  Melee: Hand axe          |    53 |   113 |   103 ||   269
         Headbutt          |     5 |    20 |    21 ||    46
         Punch             |       |     2 |     2 ||     4
 Invoke: Berserk           |       |     3 |     5 ||     8
         Trog's Hand       |       |       |     1 ||     1
  Evoke: Wand              |       |       |     3 ||     3
    Use: Scroll            |       |    12 |     4 ||    16
         Potion            |       |       |     1 ||     1
   Stab: Sleeping          |     2 |       |       ||     2
 Armour: Animal skin       |    22 |       |       ||    22
         Leather armour    |     5 |     3 |       ||     8
         Scale mail        |       |     8 |       ||     8
         Chain mail        |       |    70 |    93 ||   163
         Skin              |       |     1 |       ||     1
  Dodge: Dodged            |    42 |    75 |    60 ||   177
  Block: Other             |       |       |     5 ||     5
